 Dungeon Crawl Stone Soup version 0.29.0-15-g675c0067aa (webtiles) character file.

Game seed: 6358174097161522589

29 qw the Shield-Bearer (level 3, 0/23 HPs)
             Began as a Gargoyle Fighter on Sept 11, 2022.
             Slain by Sigmund
             ... wielding a +0 scythe
              (2 damage)
             ... on level 3 of the Dungeon.
             The game lasted 00:00:23 (1509 turns).

qw the Shield-Bearer (Gargoyle Fighter)             Turns: 1509, Time: 00:00:24

Health: 0/23       AC: 12    Str: 21    XL:     3   Next: 16%
Magic:  3/3        EV:  7    Int:  8    God:
Gold:   105        SH:  4    Dex:  9    Spells: 2/2 levels left

rFire   . . .      SeeInvis .   Y - +2 war axe
rCold   . . .      Faith    .   c - +0 buckler
rNeg    + . .      Spirit   .   j - +0 chain mail
rPois   inf        Reflect  .   (no helmet)
rElec   +          Harm     .   (no cloak)
rCorr   .          Rampage  .   (no gloves)
Will    .....                   (no boots)
Stlth   ..........              (no amulet)
HPRegen 0.07/turn               (no ring)
MPRegen 0.08/turn               (no ring)

@: no status effects
A: sickness immunity, AC +3, negative energy resistance 1, electricity
resistance, torment resistance 1, petrification resistance
a: no special abilities


You were on level 3 of the Dungeon.
You visited 1 branch of the dungeon, and saw 3 of its levels.

You collected 105 gold pieces.


Innate Abilities, Weirdness & Mutations

You are immune to sickness and miasma.
Your stone body is resilient. (AC +3)
You are immune to poison.
You resist negative energy. (rN+)
You are resistant to electric shocks. (rElec)
You are resistant to unholy torment.
You are immune to petrification.


   Skills:
 - Level 3.2 Fighting
 + Level 3.2 Axes
 - Level 3.2 Armour
 - Level 3.2 Shields


You had 2 spell levels left.
You didn't know any spells.
Your spell library was empty.

Inventory:

Hand Weapons
 g - a +0 whip
 Y - a +2 war axe (weapon)
Missiles
 f - 2 boomerangs (quivered)
Armour
 c - a +0 buckler (worn)
 j - a +0 chain mail (worn)
Scrolls
 a - a scroll of identify
Potions
 d - 3 potions of might
 i - a potion of degeneration {unknown}
 k - a potion of attraction {unknown}
 l - a potion of haste {unknown}

Dungeon Overview and Level Annotations

Branches:
Dungeon (3/15)

Altars:

Annotations:
D:3 Sigmund


Message History

Something tries to affect you, but you resist.
You barely miss something. Something hits you but does no damage.
You slash something!
You hear some strange, mumbled words.
You are confused.
1499 ||| DRINKING potion of curing.
You feel better.
1499 ||| (to cure confusion)
Something hits you.
You barely miss something. Something hits you.
You hit something. Something hits you but does no damage.
You closely miss something.
You hear some strange, mumbled words.
You are confused.
You're too confused to attack without stumbling around!
There is a strange disturbance nearby!
Something hits you.
You're too confused to attack without stumbling around!
There is a strange disturbance nearby!
You're too confused to attack without stumbling around!
There is a strange disturbance nearby!
You hear some strange, mumbled words.
A magic dart appears from out of thin air!
The magic dart hits you.
You're too confused to attack without stumbling around!
There is a strange disturbance nearby!
Something hits you.
You're too confused to attack without stumbling around!
There is a strange disturbance nearby!
You feel less confused.
You hear some strange, mumbled words.
A puff of flame appears from out of thin air!
The puff of flame hits you but does no damage.
You barely miss something. Something hits you.
You hit something. Something hits you.
You die...

#+##
##...##
##.....##
##<......##
#.........#
+..@{.....+
#.........#
##.......##
##.....##
##......
#..#### ..#
..#


There were no monsters in sight!

Vanquished Creatures
  An adder (D:2)
  3 endoplasms
  A giant cockroach (D:2)
  A goblin (D:1)
  2 hobgoblins (D:2)
  3 kobolds (D:2)
  2 quokkas
  2 bats (D:1)
  A frilled lizard (D:1)
  2 rats (D:2)
18 creatures vanquished.

Notes
Turn   | Place    | Note
-------+----------+-------------------------------------------
     0 | D:1      | qw the Gargoyle Fighter began the quest for the Orb.
     0 | D:1      | Reached XP level 1. HP: 14/14 MP: 1/1
     0 | D:1      | 0 ||| qw: Version: 0.1-a-119-g272c26d
     0 | D:1      | 0 ||| qw: Game counter: 10638
     0 | D:1      | 0 ||| qw: Always use a shield: true
     0 | D:1      | 0 ||| qw: God list: Okawaru
     0 | D:1      | 0 ||| qw: Allow faded altars: false
     0 | D:1      | 0 ||| qw: Do Orc after D:15 true
     0 | D:1      | 0 ||| qw: Do second Lair branch before Depths: true
     0 | D:1      | 0 ||| qw: Lair rune preference: random
     0 | D:1      | 0 ||| qw: Plans: Normal, Zot, God:TSO, Crypt, Tomb, Pan,
                  | Slime, Hells, Zig, Abyss, Orb
     0 | D:1      | 0 ||| PLANNING D:1-11
   189 | D:1      | You fall into a shaft and drop 1 floor!
   309 | D:2      | 309 ||| UPGRADING to +0 chain mail.
   319 | D:2      | 319 ||| DROPPING +0 scale mail.
   320 | D:2      | 320 ||| READING 2 scrolls labelled HILODIDDIEB.
   321 | D:2      | 321 ||| READING scroll labelled SEAZXOC JILEIFU.
   322 | D:2      | 322 ||| READING scroll labelled GIBRIU DUTZEI.
   344 | D:1      | Reached XP level 2. HP: 19/19 MP: 2/2
   556 | D:1      | 556 ||| READING scroll of enchant weapon.
   556 | D:1      | 556 ||| ENCHANTING +1 war axe.
   836 | D:1      | 836 ||| READING scroll labelled BAUSAU EGIMNU.
   841 | D:1      | 841 ||| READING scroll labelled NULIVA ALARU.
   842 | D:1      | 842 ||| READING scroll labelled OSOFU UCONUNI.
  1070 | D:2      | 1070 ||| FLEEEEING.
  1071 | D:2      | 1071 ||| FLEEEEING.
  1072 | D:2      | 1072 ||| FLEEEEING.
  1073 | D:2      | 1073 ||| FLEEEEING.
  1074 | D:2      | 1074 ||| FLEEEEING.
  1076 | D:2      | 1076 ||| FLEEEEING.
  1077 | D:2      | 1077 ||| FLEEEEING.
  1078 | D:2      | 1078 ||| FLEEEEING.
  1079 | D:2      | 1079 ||| FLEEEEING.
  1080 | D:2      | 1080 ||| FLEEEEING.
  1081 | D:2      | 1081 ||| FLEEEEING.
  1111 | D:2      | Reached skill level 3 in Axes
  1111 | D:2      | Reached XP level 3. HP: 23/23 MP: 3/3
  1452 | D:2      | 1452 ||| READING scroll labelled PUCSEL AVYROYZ.
  1453 | D:2      | 1453 ||| READING scroll labelled FEENIREUVA.
  1454 | D:2      | 1454 ||| READING 2 scrolls of identify.
  1454 | D:2      | 1454 ||| IDENTIFYING metallic silvery potion
  1489 | D:3      | Noticed Sigmund
  1499 | D:3      | 1499 ||| DRINKING potion of curing.
  1499 | D:3      | 1499 ||| (to cure confusion)
  1508 | D:3      | HP: 2/23 [something (6)]
  1509 | D:3      | Slain by Sigmund

Levels and vault maps discovered:
D:1:      psy_arrival_basics, layout_basic, hex_intersection,
          nrook_mini_backslash, minmay_door_square
D:2:      layout_loops_ring, minmay_misc_feat_diagonals
D:3:      layout_loops_corners, serial_shops, nicolae_shop_stone,
          ebering_ecumenical_altar_sacrificial, uniq_sigmund, uniq_ijyb

Skill      XL: |  1  2 |
---------------+-------+-----
Axes           | 2 3 |  3.2
Fighting       | |  3.2
Armour         | |  3.2
Shields        | |  3.2

Action                   || total
-------------------------++-------
Melee: War axe           ||    47
Throw: Boomerang         ||    19
  Use: Scroll            ||    10
       Potion            ||     1
Armor: Scale mail        ||    12
       Chain mail        ||    13
Dodge: Dodged            ||    15
Block: Buckler           ||     4

Table legend:
 A = Non-vault XP
 B = Vault XP
 C = Vault XP percentage of total XP
 D = Non-vault monster count
 E = Vault monster count
 F = Vault count percentage of total count
                 A         B        C        D         E       F
            +---------+---------+-------+---------+---------+-------
      Total |      42 |       0 |   0.0 |      18 |       0 |   0.0
            +---------+---------+-------+---------+---------+-------
        D:1 |      11 |       0 |   0.0 |       7 |       0 |   0.0
        D:2 |      29 |       0 |   0.0 |      10 |       0 |   0.0
        D:3 |       2 |       0 |   0.0 |       1 |       0 |   0.0
            +---------+---------+-------+---------+---------+-------
